 Dungeon Crawl Stone Soup version 0.27.0-65-ge2af304b15 (webtiles) character file.

Game seed: 13755158659746711668

19114 nxtlvl the Cleaver (level 12, -6/168 HPs)
             Began as a Black Draconian Berserker on Aug 19, 2021.
             Was a High Priest of Trog.
             Mangled by an entropy weaver simulacrum (30 damage)
             ... in an ice cave.
             The game lasted 01:18:50 (4732 turns).

nxtlvl the Cleaver (Black Draconian Berserker)      Turns: 4732, Time: 01:18:51

Health: -6/168     AC: 18    Str: 20    XL:     12   Next: 33%
Magic:  12/12      EV: 18    Int:  7    God:    Trog [*****.]
Gold:   429        SH:  0    Dex: 22    Spells: 11/11 levels left

rFire    . . .     SeeInvis .   a - +2 executioner's axe (flame)
rCold    . . .     Faith    .   (shield currently unavailable)
rNeg     . . .     Spirit   .   (armour unavailable)
rPois    .         Reflect  .   f - +2 hat
rElec    +         Harm     .   e - +2 cloak {Will+}
rCorr    +         Rampage  ∞   d - +0 pair of gloves
Will     +++..                  c - +3 pair of seven-league boots {Rampage+∞}
Stlth    ..........             z - amulet of regeneration
HPRegen  2.38/turn              p - +6 ring of dexterity
MPRegen  0.13/turn              P - ring of resist corrosion

@: berserking, strong-willed, regenerating, slowed, studying Fighting
A: breathe lightning, AC +8, unfitting armour, electricity resistance,
cold-blooded
a: Breathe Lightning, Renounce Religion, Berserk, Trog's Hand, Brothers in Arms


You were in an ice cave.
You worshipped Trog.
Trog was extremely pleased with you.
You visited 2 branches of the dungeon, and saw 15 of its levels.
You also visited: Sewer, Ossuary, Ice Cave and Volcano.

You collected 819 gold pieces.
You spent 390 gold pieces at shops.

Inventory:

Hand Weapons
 a - a +2 executioner's axe of flaming (weapon)
 b - a +0 hand axe of electrocution
 w - a +1 war axe of freezing
 W - a +0 arbalest
Missiles
 h - 164 bolts
 i - 143 arrows
 n - 27 poisoned darts (quivered)
 u - 2 curare-tipped darts
 x - 6 silver boomerangs
 G - a throwing net
Armour
 c - the +3 pair of seven-league boots (worn) {Rampage+∞}
   (You acquired it on level 1 of the Lair of Beasts)

   Its wearer moves as far as possible in that direction when moving towards
   enemies.
 d - a +0 pair of gloves (worn)
 e - a +2 cloak of willpower (worn)
 f - a +2 hat (worn)
 g - a +0 buckler
Jewellery
 o - a ring of willpower
 p - a +6 ring of dexterity (left hand)
 z - an amulet of regeneration (around neck)
 O - a ring of positive energy
 P - a ring of resist corrosion (right hand)
Wands
 k - a wand of iceblast (27)
 q - a wand of polymorph (13)
 y - a wand of acid (18)
Scrolls
 j - 4 scrolls of fog
 l - a scroll of magic mapping
 A - a scroll of immolation
 C - a scroll of torment
 E - 3 scrolls of brand weapon
 F - a scroll of vulnerability
 K - 4 scrolls of fear {unknown}
 L - 4 scrolls of enchant armour
 Q - a scroll of blinking
 R - a scroll of holy word {unknown}
 S - 2 scrolls of teleportation {unknown}
Potions
 m - 4 potions of magic
 r - 4 potions of flight {unknown}
 s - 3 potions of curing {unknown}
 t - 2 potions of haste
 D - 3 potions of attraction {unknown}
 H - a potion of cancellation
 I - 5 potions of might {unknown}
 J - a potion of invisibility
 M - 3 potions of heal wounds
 N - a potion of ambrosia
 T - 3 potions of mutation {unknown}
Miscellaneous
 v - a phial of floods
 B - a piece from Xom's chessboard (15/15)
 V - a lightning rod (4/4)


   Skills:
 + Level 12.2 Fighting
 * Level 14.0 Axes
 + Level 8.6 Dodging
 + Level 8.2 Evocations


You had 11 spell levels left.
You didn't know any spells.
Your spell library was empty.

Dungeon Overview and Level Annotations

Branches:
Dungeon (10/15)            Temple (0/1) D:5            Lair (5/6) D:10
  Sewer (visited)         Ossuary (visited)           IceCv (1/1)
Volcano (visited)
  Swamp: Lair:2-4    Shoals: Lair:2-4     Snake: Lair:2-4    Spider: Lair:2-4
  Slime: Lair:5-6       Orc: D:9-12

Altars:
Dithmenos
Hepliaklqana
Xom
Zin
The Shining One

Shops:
D:1 *   D:7 *

Annotations:
D:9 1 runed translucent door, cozkul's ghost, novice MiBe
Lair:5 exclusion: 2 upstairs


Innate Abilities, Weirdness & Mutations

You can breathe wild blasts of lightning.
Your glossy black scales are hard. (AC +8)
You cannot fit into any form of body armour.
You are resistant to electric shocks. (rElec)
You are cold-blooded and may be slowed by cold attacks.


Message History

The walls melt the ice beast!
The wall melts the ice beast!
You hit the ice statue.
You melt the ice statue.
You tail-slap the ice statue, but do no damage.
The ice statue is heavily damaged.
You slash the entropy weaver simulacrum!
You melt the entropy weaver simulacrum!
You slice the slime creature!! You burn the slime creature!
You slice the ice beast!!
You melt the ice beast.
You feel the power of Trog in you as your rage grows.
You kill the ice beast!
You barely miss the ice beast.
You are engulfed in freezing vapours.
You feel as though you will be slow longer.
The entropy weaver simulacrum hits you but does no damage.
The entropy weaver simulacrum barely misses you.
The entropy weaver simulacrum hits you but does no damage.
The entropy weaver simulacrum closely misses you.
The slime creature is engulfed in freezing vapours.
The slime creature hits you!
The wall melts the ice beast!
The walls melt the ice beast!
The ice beast completely misses you.
You slice the ice statue!!
You melt the ice statue!
You destroy the ice statue!
Trog accepts your kill.
The ice beast disappears in a puff of smoke! x2
You hit the entropy weaver simulacrum but do no damage.
You slice the slime creature!! You burn the slime creature.
You feel the power of Trog in you as your rage grows.
You kill the slime creature!
Trog accepts your kill.
You slash the slime creature! You burn the slime creature.
You are engulfed in freezing vapours.
You feel as though you will be slow longer.
The entropy weaver simulacrum hits you!
* * * LOW HITPOINT WARNING * * *
The entropy weaver simulacrum freezes you!!
You feel as though you will be slow longer.
* * * LOW HITPOINT WARNING * * *
The entropy weaver simulacrum hits you.
* * * LOW HITPOINT WARNING * * *
The entropy weaver simulacrum freezes you!!
You feel as though you will be slow longer.
You die...

##.....# #......##
..... #.......#
.... ##.......#
##...
##....#...###...#
#...#.##..##....#
##..##.##..##....#
#..##.[##..##J○Z#
#..#..(#...##.@.#
##.##..##...°§°.##
#..##..#....##.Z#
#..#..##..####°.#
##.##..#...# #..#
#..#..##..## #..#
...#..##..# #..#
#..#...#..## ..##
##.##..##..# ..#


You could see a slime creature, an ugly thing simulacrum and an entropy weaver
simulacrum.

Vanquished Creatures
  A hydra (Lair:2)
  A two-headed ogre (D:9)
  3 slime creatures (IceCv)
  An oklob plant (D:10)
  A cyclops (D:9)
  2 ice statues (IceCv)
  2 black mambas
  A gargoyle (Volcano)
  A cane toad (Lair:3)
  6 rime drakes
  An entropy weaver simulacrum (IceCv)
  An efreet (Volcano)
  4 komodo dragons
  A troll (D:9)
  A hornet (D:9)
  3 polar bears
  11 blink frogs
  A meliai zombie (D:10)
  5 yaks (Lair:1)
  5 wyverns
  A steam dragon (D:7)
  A shadow (D:10)
  A fire elemental (Volcano)
  A basilisk (Lair:2)
  Menkaure (D:5)
  A swamp worm (Lair:2)
  4 nagas (Lair:3)
  2 demonic crawler simulacra (IceCv)
  9 water moccasins
  A sky beast (D:6)
  6 orc warriors
  2 black bears
  Purgy (Sewer)
  4 ugly thing simulacra (IceCv)
  An ogre (D:5)
  6 wolves (Lair:1)
  4 centaurs
  2 kobold brigands
  A phantom (D:6)
  2 elf zombies (Ossuary)
  9 bullfrogs
  A gnoll sergeant (D:8)
  2 scorpions
  2 glowing shapeshifter simulacra (IceCv)
  A wight (D:9)
  2 howler monkeys
  8 centaur zombies
  2 bullfrog zombies (D:5)
  2 hounds
  A jelly (D:8)
  A gnoll shaman (D:10)
  3 orc priests
  A bullfrog skeleton (D:6)
  2 iguanas
  Ijyb (D:5)
  6 orc wizards
  2 mummies (Ossuary)
  2 howler monkey zombies (D:9)
  9 gnolls
  4 adders
  2 river rats (D:6)
  An ufetubus (D:5)
  An adder zombie (Ossuary)
  A worm (D:3)
  A dart slug (D:2)
  27 orcs
  7 bats
  3 endoplasms
  A giant cockroach (D:3)
  5 hobgoblins
  4 jackals (D:1)
  3 quokkas
  8 ball pythons
  2 frilled lizards (D:1)
  3 goblins
  11 hobgoblin zombies (Ossuary)
  3 jackal zombies (Ossuary)
  12 kobolds
  3 kobold zombies (Ossuary)
  11 orc zombies (Ossuary)
  4 rats
  3 rat zombies (Ossuary)
  A butterfly (D:9)
281 creatures vanquished.

Vanquished Creatures (others)
  2 demonic crawler simulacra (IceCv)
  An ugly thing simulacrum (IceCv)
  A howler monkey zombie (D:9)
  A butterfly (D:9)
  4 fungi
  10 plants
19 creatures vanquished.

Grand Total: 300 creatures vanquished

Notes
Turn   | Place    | Note
-------+----------+-------------------------------------------
     0 | D:1      | nxtlvl the Draconian Berserker began the quest for the Orb.
     0 | D:1      | Reached XP level 1. HP: 19/19 MP: 1/1
    78 | D:1      | Noticed a troll
    78 | D:1      | Noticed an ogre
    78 | D:1      | Noticed an ogre
    80 | D:1      | Noticed an ogre
    83 | D:1      | Noticed an ogre
    85 | D:1      | Reached XP level 2. HP: 22/26 MP: 2/2
   126 | D:1      | Found Pungoigg's General Store.
   162 | D:1      | Reached skill level 4 in Axes
   261 | D:2      | Reached XP level 3. HP: 31/31 MP: 3/3
   264 | D:2      | Reached ** piety under Trog
   308 | D:2      | Reached XP level 4. HP: 35/38 MP: 4/4
   319 | D:2      | Reached skill level 5 in Axes
   480 | D:5      | Entered Level 5 of the Dungeon
   504 | D:5      | Noticed Menkaure
   523 | D:5      | Reached XP level 5. HP: 45/45 MP: 5/5
   526 | D:5      | Killed Menkaure
   527 | D:5      | Reached skill level 6 in Axes
   527 | D:5      | Reached XP level 6. HP: 51/51 MP: 6/6
   564 | D:5      | Found a staircase to the Ecumenical Temple.
   588 | D:5      | Reached skill level 7 in Axes
   622 | D:5      | Noticed Ijyb
   625 | D:5      | Noticed a water moccasin
   634 | D:5      | Killed Ijyb
   635 | D:5      | Reached skill level 8 in Axes
   639 | D:5      | Killed a water moccasin
   640 | D:5      | Your scales start taking on a glossy black colour.
   640 | D:5      | Reached XP level 7. HP: 57/57 MP: 7/7
   640 | D:5      | Gained mutation: You are resistant to electric shocks.
                  | (rElec) [Black Draconian growth]
   859 | D:6      | Reached *** piety under Trog
   908 | D:6      | Noticed a wyvern
   915 | D:6      | Killed a wyvern
   916 | D:6      | Reached skill level 9 in Axes
   921 | D:6      | Reached XP level 8. HP: 66/66 MP: 8/8
  1068 | D:6      | Found a glowing drain.
  1074 | Sewer    | Entered a sewer
  1102 | Sewer    | Noticed Purgy
  1130 | Sewer    | Killed Purgy
  1206 | D:7      | Found Piuc Morgh's Gadget Gallery.
  1278 | D:7      | Reached skill level 5 in Fighting
  1336 | D:8      | Reached skill level 1 in Evocations
  1346 | D:8      | Reached **** piety under Trog
  1351 | D:8      | Reached skill level 10 in Axes
  1499 | D:7      | Found a sand-covered staircase.
  1506 | Ossuary  | Entered an ossuary
  1598 | Ossuary  | Reached XP level 9. HP: 68/74 MP: 9/9
  1623 | Ossuary  | Reached ***** piety under Trog
  1797 | D:9      | Found a shimmering altar of Xom.
  1864 | D:9      | Reached skill level 5 in Dodging
  1932 | D:7      | Bought a lightning rod (4/4) for 390 gold pieces
  2017 | D:8      | Found a glowing golden altar of the Shining One.
  2165 | D:9      | Reached skill level 11 in Axes
  2179 | D:9      | Found a shadowy altar of Dithmenos.
  2180 | D:9      | Found a hazy altar of Hepliaklqana.
  2183 | D:9      | Found a glowing silver altar of Zin.
  2205 | D:10     | Entered Level 10 of the Dungeon
  2223 | D:9      | Noticed an efreet
  2228 | D:9      | Noticed a cyclops
  2236 | D:9      | Identified a scroll of acquirement
  2236 | D:9      | Acquired a manual of Fighting
  2440 | D:10     | Reached XP level 10. HP: 64/84 MP: 10/10
  2444 | D:10     | Received a gift from Trog
  2540 | D:9      | Found a runed translucent door.
  2540 | D:9      | Noticed cozkul's ghost (novice MiBe)
  2541 | D:9      | Noticed a sphinx
  2607 | D:9      | Noticed a two-headed ogre
  2624 | D:9      | Killed a two-headed ogre
  2780 | D:9      | Killed a cyclops
  2781 | D:9      | Reached skill level 12 in Axes
  2781 | D:9      | Reached skill level 5 in Evocations
  2800 | D:10     | Noticed an oklob plant
  2802 | D:10     | Found a staircase to the Lair.
  2883 | D:10     | Killed an oklob plant
  2929 | Lair:1   | Entered Level 1 of the Lair of Beasts
  2998 | Lair:1   | Reached XP level 11. HP: 73/97 MP: 11/11
  3077 | Lair:1   | Found a dark tunnel.
  3082 | Volcano  | Entered a volcano
  3416 | Lair:1   | Acquired the +3 pair of seven-league boots {Rampage+∞}
  3416 | Lair:1   | Found the +3 pair of seven-league boots {Rampage+∞}
  3548 | Lair:3   | Reached skill level 13 in Axes
  3560 | Lair:3   | Reached skill level 10 in Fighting
  3613 | Lair:2   | Acquired a +0 cloak of willpower
  3753 | Lair:2   | Noticed a seven-headed hydra
  3760 | Lair:2   | Killed a three-headed hydra
  4105 | Lair:4   | Reached XP level 12. HP: 109/110 MP: 12/12
  4149 | Lair:5   | Noticed a boulder beetle
  4336 | Lair:4   | Noticed a seven-headed hydra
  4385 | Lair:5   | Found a frozen archway.
  4388 | Lair:5   | Reached skill level 14 in Axes
  4400 | IceCv    | Entered an ice cave
  4732 | IceCv    | Mangled by an entropy weaver simulacrum

Illustrated notes

Levels and vault maps discovered:
D:1:      erik_arrival_cave_to_civilisation [erik_arrival_cave_to_temple],
          layout_basic, shapermc_ecumenical_altar_mp_urbaneastern, serial_shops,
          nicolae_shop_competitors_out_of_business,
          nicolae_shop_temple_entry_statues_fountains, serial_park_tiny_1,
          amcnicky_mini_corridor_feature, chequers_serial_rivers_large_a,
          minivault_4
D:2:      layout_rooms
D:3:      layout_basic, mainiacjoe_overflow_concentric_impassable,
          minmay_mini_jars, uniq_terence
D:4:      layout_basic, tgw_sif, minmay_mini_ossuary
D:5:      layout_cave_pools, mainiacjoe_overflow_tiny_flanked,
          minmay_temple_entry_offerings, minmay_diced_spiral, uniq_menkaure,
          uniq_ijyb
D:6:      layout_basic, serial_glass, glass_columns_b, glass_columns_a,
          portal_sewer_entry_e
D:7:      layout_basic, enter_ossuary_1, nicolae_shop_gadgets
D:8:      layout_rooms, mainiacjoe_overflow_24_doors, serial_glass,
          glass_columns_b, glass_columns_b
D:9:      cheibrodos_fzero, layout_rooms, xom_butterflies,
          grunt_temple_overflow_open, ebering_ghost_inner_flame
D:10:     layout_roguey, lemuel_zombie_altar_kikubaaqudgha, dpeg_oklobed_lair,
          st_stairs_11
Lair:1:   layout_regular_city, enter_volcano_4, grunt_megastairs_3,
          infiniplex_staircase_pool_2
Lair:2:   layout_regular_city, palyth_hydra_swamp_entry,
          chequers_serial_rivers_room_b
Lair:3:   layout_chaotic_city, guppyfry_snake_entry_garden,
          kennysheep_catoblepas_arena
Lair:4:   layout_roguey, special_room [special_room_bee]
Lair:5:   layout_cave_pods, portal_ice_cave_rime
IceCv:    ice_cave_hellmonk_azure_passage

Skill      XL: |  1  2  3  4  5  6  7  8  9 10 11 12 |
---------------+-------------------------------------+-----
Axes           | 4 5 6 8 9 10 11 12 13 14 | 14.0
Dodging        | 3 4 5 6 8 |  8.6
Fighting       | 4 5 6 9 11 12 | 12.2
Evocations     | 2 4 5 7 8 |  8.2

Action                   |  1- 3 |  4- 6 |  7- 9 | 10-12 || total
-------------------------+-------+-------+-------+-------++-------
Melee: Hand axe          |    73 |    58 |   291 |     6 ||   428
       Tailslap          |     8 |    13 |    51 |    50 ||   122
       War axe           |       |       |     3 |    12 ||    15
       Executioner's axe |       |       |       |   260 ||   260
Throw: Dart              |       |       |     3 |       ||     3
Invok: Berserk           |     1 |     2 |     4 |     7 ||    14
       Trog's Hand       |       |       |       |     3 ||     3
 Abil: Breathe Lightning |       |       |     9 |     2 ||    11
Evoke: Wand              |       |       |     4 |       ||     4
       Lightning rod     |       |       |     2 |       ||     2
  Use: Scroll            |       |       |     7 |    10 ||    17
       Potion            |       |       |       |     1 ||     1
 Stab: Sleeping          |       |       |     1 |     2 ||     3
Armor: Skin              |    28 |    13 |    82 |   113 ||   236
Dodge: Dodged            |    46 |    18 |   168 |   250 ||   482
Block: Buckler           |       |       |    12 |     2 ||    14
